 Dungeon Crawl Stone Soup version 0.31-a0-188-g5e087ee2ca (webtiles) character file.

Game seed: 11141701171711868716

53 Midn8 the Shooter (level 3, 0/29 HPs)
             Began as a Draconian Hunter on June 23, 2023.
             Slain by a sleepcap (7 damage)
             ... on level 2 of the Dungeon.
             The game lasted 00:02:43 (1397 turns).

Midn8 the Shooter (Draconian Hunter)                Turns: 1397, Time: 00:02:44

Health: 0/29       AC:  5    Str: 13    XL:     3   Next: 64%
Magic:  3/3        EV: 12    Int:  9    God:
Gold:   86         SH:  0    Dex: 16    Spells: 2/2 levels left

rFire   . . .        a - +0 shortbow
rCold   . . .        (shield currently unavailable)
rNeg    . . .        (body armour unavailable)
rPois   .            (helmet restricted)
rElec   .            (no cloak)
rCorr   .            (no gloves)
SInv    .            (no boots)
Will    .....        (no amulet)
Stlth   ++           (no ring)
HPRegen 0.24/turn    (no ring)
MPRegen 0.08/turn

%: no passive effects
@: no status effects
A: AC +5, unfitting armour, cold-blooded
a: no special abilities


You were on level 2 of the Dungeon.
You visited 1 branch of the dungeon, and saw 2 of its levels.

You collected 86 gold pieces.

Inventory:

Hand Weapons
 a - a +0 shortbow (weapon)
Scrolls
 b - a scroll of poison {unknown}
 f - a scroll of butterflies
Potions
 c - a potion of curing {unknown}
 d - a potion of heal wounds {unknown}
 e - 2 potions of degeneration {unknown}
 h - a potion of resistance {unknown}


   Skills:
 - Level 2.1 Fighting
 + Level 4.9 Ranged Weapons
 - Level 1.7 Dodging
 - Level 0.8 Stealth


You had 2 spell levels left.
You didn't know any spells.
Your spell library contained the following spells:

 Spells                   Type           Power      Damage    Failure   Level
 Cigotuvi's Dreadful Rot  Necr/Pois/Air  0%         N/A       52%         2
 Lesser Beckoning         Tloc           0%         N/A       52%         2
 Confusing Touch          Hex            0%         N/A       77%         3
 Gell's Gravitas          Tloc           0%         N/A       77%         3
 Summon Guardian Golem    Hex/Summ       0%         N/A       77%         3
 Teleport Other           Tloc           0%         N/A       77%         3
 Fulminant Prism          Conj/Hex       0%         3d5       99%         4
 Olgreb's Toxic Radiance  Pois           0%         N/A       99%         4
 Haunt                    Necr/Summ      0%         N/A       100%        7


Dungeon Overview and Level Annotations

Branches:
Dungeon (2/15)

Altars:


Innate Abilities, Weirdness & Mutations

Your plain brown scales are hard. (AC +5)
You cannot fit into any form of body armour.
You are cold-blooded and may be slowed by cold attacks.


Message History

The sleepcap is heavily damaged.
The sleepcap releases spores at you.
You are engulfed in a cloud of soporific spores!
You fall asleep.
The sleepcap releases spores at you.
You wake up.
You shoot an arrow. The arrow hits the sleepcap.
The sleepcap is heavily damaged.
The sleepcap completely misses you.
You shoot an arrow. The arrow hits the sleepcap!
The sleepcap is almost destroyed.
The sleepcap releases spores at you. The sleepcap closely misses you.
You shoot an arrow.
The arrow hits the sleepcap but does no damage.
The sleepcap is almost destroyed.
The sleepcap misses you.
You shoot an arrow.
The arrow hits the sleepcap but does no damage.
The sleepcap is almost destroyed.
The sleepcap releases spores at you.
You shoot an arrow. The arrow hits the sleepcap.
The sleepcap is almost destroyed.
The sleepcap releases spores at you.
You are engulfed in a cloud of soporific spores!
You fall asleep.
The sleepcap releases spores at you!
You wake up.
* * * LOW HITPOINT WARNING * * *
You are engulfed in a cloud of soporific spores!
You are unaffected.
Unknown command.
You are too injured to fight recklessly!
You are too injured to fight recklessly!
You are too injured to fight recklessly!
Fire: a) +0 shortbow
Press: ? - help, Q - select action Shift-Dir - straight line, f/p - sleepcap
Aim: a sleepcap (almost destroyed, 98% to hit)
You shoot an arrow.
The arrow hits the sleepcap but does no damage.
The sleepcap is almost destroyed.
The sleepcap releases spores at you!
You die...

# . ########
#...<..# #
#......####.#####
##..)...#.........
..
#.......#@#####.#.
## ♣......#..).f#
.♣....####...#
♣..#.# #...# ♣♣ ##
###.# #.# ######
#.#######.[ #.<..#
#.......... #....#
###...####.


You could see a sleepcap.

Vanquished Creatures
  Robin (D:2)
  A gnoll (D:1)
  A worm (D:2)
  7 goblins
  5 hobgoblins (D:2)
  A kobold (D:1)
  A quokka (D:1)
  5 ball pythons
  5 bats (D:1)
  2 rats (D:1)
29 creatures vanquished.

Notes
Turn   | Place    | Note
-------+----------+-------------------------------------------
     0 | D:1      | Midn8 the Draconian Hunter began the quest for the Orb.
     0 | D:1      | Reached XP level 1. HP: 17/17 MP: 1/1
   228 | D:1      | Reached skill level 4 in Ranged Weapons
   282 | D:1      | Reached XP level 2. HP: 24/24 MP: 2/2
   416 | D:1      | Got the Tome of Beyond
   749 | D:1      | Found a faded altar of an unknown god.
  1202 | D:2      | Reached XP level 3. HP: 29/29 MP: 3/3
  1262 | D:2      | Got Sif Muna's Parchment of the Cure and Jinxing
  1287 | D:2      | Noticed Robin
  1306 | D:2      | Killed Robin
  1397 | D:2      | Slain by a sleepcap

Illustrated notes

Levels and vault maps discovered:
D:1:      lightli_arrival_quake, layout_basic, shapermc_ecumenical_altar_gd,
          nicolae_kite_square_tiling_tiny
D:2:      layout_basic, serial_shops, nicolae_shop_rolled_up,
          uniq_crazy_yiuf_cottage, uniq_robin

Skill      XL: |  1 |
---------------+----+-----
Ranged Weapons | 4 |  4.9
Fighting       | |  2.1
Dodging        | |  1.7
Stealth        | |  0.8

Action                     || total
---------------------------++-------
   Fire: Shortbow          ||    83
    Use: Scroll            ||     4
 Armour: Skin              ||     4
  Dodge: Dodged            ||    10

Table legend: (Time is in decaauts)
 A = Elapsed time spent in this place.
 B = Non-inter-level travel time spent in this place.
 C = Inter-level travel time spent in this place.
 D = Time resting spent in this place.
 E = Time spent auto-exploring this place.
 F = Levels seen in this place.
 G = Mean time per level.
                   A        B        C        D        E       F      G
               +--------+--------+--------+--------+--------+-----+--------+
         Total |   1412 |   1340 |     72 |     62 |   1090 |   2 |  706.0 |
       Dungeon |   1412 |   1340 |     72 |     62 |   1090 |   2 |  706.0 |
               +--------+--------+--------+--------+--------+-----+--------+

Top non-repeatable levels by time:
     D:1: 1193 daAuts
     D:2: 218 daAuts
